 Dungeon Crawl Stone Soup version 0.20.1-1-g8b1a95d (webtiles) character file.

1883 vishdafish the Chopper (level 9, 0/106 HPs)
             Began as a Formicid Fighter on July 6, 2017.
             Was a Believer of Nemelex Xobeh.
             Succumbed to a killer bee's poison
             ... on level 7 of the Dungeon.
             The game lasted 00:10:12 (5503 turns).

vishdafish the Chopper (Formicid Fighter)           Turns: 5503, Time: 00:10:13

Health: 0/106      AC: 24    Str: 27 (29) XL:     9   Next: 36%
Magic:  11/11      EV:  2    Int: 10 (12) God:    Nemelex Xobeh [**....]
Gold:   296        SH: 16    Dex: 15 (16) Spells: 8/8 levels left

rFire    . . .     SeeInvis .   a - +0 war axe
rCold    + . .     Gourm    .   c - +0 shield
rNeg     + + +     Faith    .   (armour currently unavailable)
rPois    +         Spirit   .   (helmet unavailable)
rElec    .         Reflect  +   (cloak currently unavailable)
rCorr    .         Harm     .   (gloves currently unavailable)
MR       .....                  (boots currently unavailable)
Stlth    ++........             o - +5 amulet of reflection
Regen    0.3/turn               r - ring of protection from cold
MPRegen  0.2/turn               (no ring)

@: mighty, brilliant, agile, lethally poisoned (0 -> 0), tree-form (expiring),
very slightly contaminated, invisible
A: permanent stasis, dig shafts and tunnels, four strong arms
a: Renounce Religion


You were on level 7 of the Dungeon.
You worshipped Nemelex Xobeh.
Nemelex Xobeh was pleased with you.
You were hungry.
You were a tree.
You visited 2 branches of the dungeon, and saw 8 of its levels.

You collected 296 gold pieces.

Inventory:

Hand Weapons
 a - a +0 war axe (weapon)
Armour
 c - a +0 shield (worn)
 s - a +1 scale mail of cold resistance (melded)
 B - a +0 pair of gloves (melded)
Jewellery
 o - a +5 amulet of reflection (around neck)
 r - a ring of protection from cold (left branch)
Wands
 b - a wand of confusion (21/48)
 l - a wand of acid (7/15)
 x - a wand of confusion (32/48)
Scrolls
 e - 3 scrolls of identify
 g - 5 scrolls of teleportation {unknown}
 h - 2 scrolls of enchant armour
 i - 4 scrolls of remove curse {unknown}
 m - 4 scrolls of enchant weapon {unknown}
 n - 2 scrolls of magic mapping
 v - a scroll of fog
 y - a scroll of random uselessness
 C - a scroll of blinking
 D - a scroll of amnesia
Potions
 j - a potion of degeneration
Miscellaneous
 u - a plain deck of destruction
 E - a plain deck of summoning
Comestibles
 f - 5 bread rations
 p - 3 meat rations


   Skills:
 + Level 6.4 Fighting
 * Level 7.4 Axes
 + Level 6.2 Armour
 + Level 6.9 Shields
 * Level 3.4 Invocations


You had 8 spell levels left.
You didn't know any spells.

Dungeon Overview and Level Annotations

Branches:
Dungeon (7/15)             Temple (1/1) D:4

Altars:
Ashenzari
Dithmenos
Fedhas
Gozag
Kikubaaqudgha
Nemelex Xobeh
Ru
Sif Muna
Trog
Uskayaw
Xom
Yredelemnul
The Shining One

Shops:
D:4 [


Innate Abilities, Weirdness & Mutations

You cannot be hasted, slowed, berserked, paralysed or teleported.
You can dig through walls and to a lower floor.
Your four strong arms can wield two-handed weapons with a shield.
((You have a pair of large antennae on your head. (SInv)))


Message History

Okay, then.
As you read the scroll labeled LAOMAIRPHUA, it crumbles to dust.
It is a scroll of identify.
C - a scroll of blinking
As you read the scroll of identify, it crumbles to dust.
n - 2 scrolls of magic mapping
As you read the scroll of identify, it crumbles to dust.
v - a scroll of fog
* * * LOW HITPOINT WARNING * * *
You feel sick.
As you read the scroll of identify, it crumbles to dust.
y - a scroll of random uselessness
As you read the scroll of identify, it crumbles to dust.
D - a scroll of amnesia
Okay, then.
As you read the scroll of identify, it crumbles to dust.
h - 2 scrolls of enchant armour Your transformation is almost over.
You die...
Your body disappears without a glow.

#..# #.<# #..# #..#
#..# # #..# ..#
#..### ###...#
####....###......#
#........♣.......#
.........#######...
####....## ##...#
##..# ##.. ##.


There were no monsters in sight!

Vanquished Creatures
  Grinder (D:4)
  Sigmund (D:6)
  Edmund (D:5)
  3 centaurs
  A bullfrog (D:6)
  4 killer bees (D:7)
  3 crimson imps
  A centaur zombie (D:6)
  2 jellies
  3 bullfrog skeletons
  2 hounds
  5 orc priests
  An orc wizard (D:6)
  Jessica (D:2)
  An iguana (D:4)
  Terence (D:2)
  Natasha (D:2)
  5 worker ants
  A hound zombie (D:6)
  A worker ant zombie (D:5)
  8 adders
  A shadow imp (D:6)
  An ooze (D:2)
  An adder zombie (D:5)
  6 worms
  3 dart slugs
  5 leopard geckos
  8 orcs
  5 giant cockroaches
  9 goblins
  6 hobgoblins
  6 jackals
  4 kobolds
  5 quokkas
  A ball python (D:2)
  9 bats
  3 frilled lizards
  10 rats
130 creatures vanquished.

Vanquished Creatures (others)
  A bullfrog (D:6)
  A worker ant (D:6)
  2 adders (D:6)
  A leopard gecko (D:6)
5 creatures vanquished.

Grand Total: 135 creatures vanquished

Notes
Turn   | Place    | Note
-------+----------+-------------------------------------------
     0 | D:1      | vishdafish the Formicid Fighter began the quest for the Orb.
     0 | D:1      | Reached XP level 1. HP: 18/18 MP: 1/1
   104 | D:1      | Reached XP level 2. HP: 23/24 MP: 2/2
   410 | D:1      | Reached XP level 3. HP: 29/29 MP: 3/3
   830 | D:2      | Noticed Jessica
   836 | D:2      | Killed Jessica
   836 | D:2      | Reached skill level 3 in Axes
   836 | D:2      | Reached XP level 4. HP: 25/37 MP: 4/4
  1221 | D:2      | Noticed Terence
  1227 | D:2      | Killed Terence
  1227 | D:2      | Reached XP level 5. HP: 36/42 MP: 5/5
  1448 | D:2      | Noticed Natasha
  1458 | D:2      | Killed Natasha
  1963 | D:3      | Reached skill level 4 in Axes
  1963 | D:3      | Reached XP level 6. HP: 31/48 MP: 6/6
  2431 | D:4      | Noticed Grinder
  2445 | D:4      | Killed Grinder
  2445 | D:4      | Reached skill level 5 in Shields
  2445 | D:4      | Reached XP level 7. HP: 27/55 MP: 7/7
  2519 | D:4      | Noticed Edmund
  2536 | D:5      | Entered Level 5 of the Dungeon
  2546 | D:5      | Killed Edmund
  2546 | D:5      | Reached skill level 5 in Axes
  2858 | D:4      | Found a staircase to the Ecumenical Temple.
  2864 | Temple   | Entered the Ecumenical Temple
  2969 | Temple   | Became a worshipper of Nemelex Xobeh the Trickster
  3109 | D:4      | Reached skill level 5 in Armour
  3110 | D:4      | Received a gift from Nemelex Xobeh
  3154 | D:4      | Found a glowing golden altar of the Shining One.
  3295 | D:4      | Found Litiluh's Antique Armour Shop.
  3433 | D:4      | Reached skill level 5 in Fighting
  3447 | D:4      | Reached XP level 8. HP: 51/62 MP: 8/8
  3748 | D:5      | Reached * piety under Nemelex Xobeh
  4224 | D:5      | Reached skill level 6 in Axes
  4678 | D:6      | Reached ** piety under Nemelex Xobeh
  4692 | D:6      | Received a gift from Nemelex Xobeh
  4711 | D:6      | Found a shimmering altar of Xom.
  4767 | D:6      | Reached skill level 1 in Invocations
  4833 | D:6      | Noticed Sigmund
  4834 | D:6      | Found a shattered altar of Ashenzari.
  4845 | D:6      | Killed Sigmund
  4845 | D:6      | Reached skill level 7 in Axes
  4845 | D:6      | Reached XP level 9. HP: 57/69 MP: 10/10
  5281 | D:6      | Noticed a moth of wrath
  5284 | D:6      | Found a bloodstained altar of Trog.
  5488 | D:7      | HP: 3/69 [poisoned by a killer bee]
  5494 | D:7      | HP: 2/103 [poisoned by a killer bee]
  5500 | D:7      | HP: 1/106 [poisoned by a killer bee]
  5503 | D:7      | Succumbed to a killer bee's poison

Skill      XL: |  1  2  3  4  5  6  7  8  9 |
---------------+----------------------------+-----
Axes           | 3 4 5 7 |  7.4
Shields        | 4 5 6 |  6.9
Fighting       | 4 5 6 |  6.4
Armour         | 4 5 6 |  6.2
Invocations    | 2 3 |  3.4

Action                   |  1- 3 |  4- 6 |  7- 9 || total
-------------------------+-------+-------+-------++-------
Melee: War axe           |    62 |   178 |   288 ||   528
  Use: Potion            |       |       |    10 ||    10
       Scroll            |       |       |     6 ||     6
 Stab: Invisible         |       |       |     2 ||     2
  Eat: Chunk             |       |     4 |    11 ||    15
Armor: Scale mail        |    34 |    64 |    69 ||   167
       Skin              |       |       |     1 ||     1
Dodge: Dodged            |    30 |    43 |    68 ||   141
Block: Shield            |    35 |   118 |   264 ||   417
       Reflection        |       |     2 |     7 ||     9
